 Dungeon Crawl Stone Soup version 0.29.1-2-gbd0b4ee654 (webtiles) character file.

Game seed: 11127229620774499004

112039 Icepheonix32 the Bludgeoner (level 16, -3/147 HPs)
             Began as a Minotaur Fighter on Oct 26, 2022.
             Was the Champion of Dithmenos.
             Slain by a spriggan berserker
             ... wielding a +2 war axe of venom
              (35 damage)
             ... on level 2 of the Swamp.
             The game lasted 01:15:58 (30801 turns).

Icepheonix32 the Bludgeoner (Minotaur Fighter)     Turns: 30801, Time: 01:15:59

Health: -3/147     AC: 17    Str: 26    XL:     16   Next: 10%
Magic:  31/31      EV: 20    Int:  7    God:    Dithmenos [******]
Gold:   699        SH: 20    Dex: 25    Spells: 15/15 levels left

rFire   x . .      SeeInvis .   N - +5 eveningstar of Wu Jian's Whim {speed, Str+5 Int-2}
rCold   . . .      Faith    +   G - +5 kite shield
rNeg    . . .      Spirit   .   d - +1 ring mail {Will+}
rPois   +          Reflect  .   (helmet unavailable)
rElec   .          Harm     .   z - +2 cloak
rCorr   .          Rampage  .   D - +0 pair of fencer's gloves {Riposte Dex+3}
Will    +++..                   e - +1 pair of boots of the Zebra {rF- Will+ MP+9 Int+2}
Stlth   ++++++++..              k - amulet of faith
HPRegen 0.34/turn               Q - +6 ring of dexterity
MPRegen 0.22/turn               F - ring of poison resistance

@: wreathed by umbra
A: horns 3, retaliatory headbutt, iridescent scales 1, thin skeletal structure
1, weak 1
a: Renounce Religion, Shadow Step, Shadow Form


You were on level 2 of the Swamp.
You worshipped Dithmenos.
Dithmenos was exalted by your worship.
You visited 6 branches of the dungeon, and saw 27 of its levels.
You also visited: Ossuary and Ice Cave.

You collected 3061 gold pieces.
You spent 2362 gold pieces at shops.

Inventory:

Hand Weapons
 a - the +7 morningstar "Damuqut" {antimagic, Fly rElec Will+ Dex-2}
   (You acquired it on level 5 of the Lair of Beasts)

   It reduces the magical energy of the wielder, and disrupts the spells and
   magical abilities of those it strikes.
   Natural abilities and divine invocations are not affected.
   Dex:       It affects your dexterity (-2).
   rElec:     It insulates you from electricity.
   Fly:       It grants you flight.
   Will:      It increases your willpower.
 E - a +3 war axe of flaming
 N - the +5 eveningstar of Wu Jian's Whim (weapon) {speed, Str+5 Int-2}
   (You acquired it on level 8 of the Dungeon)

   Attacks with this weapon are significantly faster.
   Str:       It affects your strength (+5).
   Int:       It affects your intelligence (-2).
 S - a +6 flail of holy wrath
Missiles
 f - 5 silver javelins (quivered)
 o - 17 javelins
 y - 2 curare-tipped darts
 H - 4 throwing nets
Armour
 d - a +1 ring mail of willpower (worn)
 e - the +1 pair of boots of the Zebra (worn) {rF- Will+ MP+9 Int+2}
   (You found it on level 5 of the Lair of Beasts)

   Int:       It affects your intelligence (+2).
   rF:        It makes you vulnerable to fire.
   MP:        It affects your magic capacity (+9).
   Will:      It increases your willpower.
 n - +0 swamp dragon scales
 z - a +2 cloak (worn)
 D - the +0 pair of fencer's gloves (worn) {Riposte Dex+3}
   (You acquired it on level 3 of the Dungeon)

   It allows the wearer to riposte with melee weapons, swiftly retaliating
   against missed or blocked melee attacks.
   Dex:       It affects your dexterity (+3).
 G - a +5 kite shield (worn)
 J - +0 ice dragon scales
 K - a +2 pair of boots
 M - +3 fire dragon scales
Jewellery
 k - an amulet of faith (around neck)
 A - a ring of see invisible
 F - a ring of poison resistance (right hand)
 Q - a +6 ring of dexterity (left hand)
Wands
 c - a wand of mindburst (14)
 h - a wand of digging (16)
 q - a wand of flame (8)
 s - a wand of iceblast (3)
 C - a wand of charming (24)
 R - a wand of polymorph (2)
 X - a wand of quicksilver (10)
Scrolls
 b - a scroll of summoning
 m - 4 scrolls of fear
 r - 3 scrolls of silence
 u - 8 scrolls of teleportation
 B - 3 scrolls of magic mapping
 T - 4 scrolls of poison
 W - 3 scrolls of immolation
Potions
 g - a potion of resistance
 i - 3 potions of haste
 j - 16 potions of curing
 l - a potion of flight
 p - 8 potions of magic
 t - a potion of cancellation
 v - 7 potions of brilliance
 w - 4 potions of attraction
 x - 2 potions of invisibility
 I - 5 potions of ambrosia
 L - a potion of berserk rage
 P - a potion of lignification
 V - a potion of might
Miscellaneous
 U - a phial of floods
 Y - a phantom mirror


   Skills:
 + Level 14.3 Fighting
 - Level 9.2(13.7) Axes
 + Level 16.1(17.0) Maces & Flails
 + Level 1.0 Throwing
 + Level 8.5 Armour
 * Level 11.6 Dodging
 + Level 6.3 Stealth
 * Level 14.2 Shields
 * Level 10.6 Invocations
 * Level 7.4 Evocations


You had 15 spell levels left.
You didn't know any spells.
Your spell library contained the following spells:

 Spells                   Type           Power      Damage    Failure   Level
 Apportation              Tloc           0%         N/A       77%         1
 Freeze                   Ice            0%         1d3       77%         1
 Necrotise                Necr           0%         1d4       77%         1
 Sandblast                Erth           0%         2d4       77%         1
 Shock                    Conj/Air       0%         1d3       77%         1
 Slow                     Hex            0%         N/A       77%         1
 Sting                    Tmut/Pois      0%         1d3       77%         1
 Summon Small Mammal      Summ           0%         N/A       77%         1
 Passwall                 Tmut/Erth      0%         N/A       88%         2
 Poisonous Vapours        Pois/Air       0%         N/A       88%         2
 Sublimation of Blood     Necr           0%         N/A       88%         2
 Wereblood                Tmut           0%         N/A       88%         2
 Call Canine Familiar     Summ           0%         N/A       98%         3
 Confusing Touch          Hex            0%         N/A       98%         3
 Frozen Ramparts          Ice            0%         1d1       98%         3
 Gell's Gravitas          Tloc           0%         N/A       98%         3
 Stone Arrow              Conj/Erth      0%         3d7       98%         3
 Swiftness                Air            0%         N/A       98%         3
 Teleport Other           Tloc           0%         N/A       98%         3
 Vampiric Draining        Necr           0%         2d6       98%         3
 Airstrike                Air            0%         2d(0-16)  100%        4
 Animate Armour           Summ/Erth      0%         N/A       100%        4
 Cause Fear               Hex            0%         N/A       100%        4
 Dispel Undead            Necr           0%         3d6       100%        4
 Hailstorm                Conj/Ice       0%         3d3       100%        4
 Ice Form                 Ice/Tmut       0%         N/A       100%        4
 Olgreb's Toxic Radiance  Pois           0%         N/A       100%        4
 Petrify                  Tmut/Erth      0%         N/A       100%        4
 Summon Ice Beast         Ice/Summ       0%         N/A       100%        4
 Agony                    Necr           0%         N/A       100%        5
 Alistair's Intoxication  Tmut/Pois      0%         N/A       100%        5
 Blade Hands              Tmut           0%         N/A       100%        5
 Lee's Rapid Deconstruct  Erth           0%         3d5*      100%        5
 Summon Mana Viper        Hex/Summ       0%         N/A       100%        5
 Conjure Ball Lightning   Conj/Air       0%         3x3d6     100%        6
 Dispersal                Tloc           0%         N/A       100%        6
 Iron Shot                Conj/Erth      0%         9d1       100%        6
 Simulacrum               Ice/Necr       0%         N/A       100%        6
 Statue Form              Tmut/Erth      0%         N/A       100%        6
 Dragon Form              Tmut           0%         N/A       100%        7
 Malign Gateway           Summ/Tloc      0%         N/A       100%        7
 Monstrous Menagerie      Summ           0%         N/A       100%        7
 Summon Hydra             Summ           0%         N/A       100%        7
 Borgnjor's Revivificati  Necr           0%         N/A       100%        8
 Discord                  Hex            0%         N/A       100%        8
 Disjunction              Tloc           0%         N/A       100%        8
 Lehudib's Crystal Spear  Conj/Erth      0%         10d2      100%        8
 Necromutation            Tmut/Necr      0%         N/A       100%        8
 Summon Horrible Things   Summ           0%         N/A       100%        8
 Death's Door             Necr           0%         N/A       100%        9
 Dragon's Call            Summ           0%         N/A       100%        9


Dungeon Overview and Level Annotations

Branches:
Dungeon (15/15)            Temple (1/1) D:4            Lair (5/5) D:8
  Swamp (3/4) Lair:3        Snake (0/4) Lair:2        Slime (0/5) Lair:4
    Orc (2/2) D:10            Elf (0/3) Orc:2        Vaults (0/5) D:14
 Depths (1/4) D:15        Ossuary (visited)           IceCv (visited)

Altars:
Ashenzari
Cheibriados
Dithmenos
Elyvilon
Fedhas
Gozag
Hepliaklqana
Kikubaaqudgha
Makhleb
Nemelex Xobeh
Okawaru
Qazlal
Ru
Sif Muna
Trog
Uskayaw
Vehumet
Wu Jian
Xom
Yredelemnul
Zin
The Shining One

Shops:
D:2 [   D:3 !*?!   Orc:2 [(![

Portals:
Ziggurat: Depths:1

Annotations:
Abyss:1 Pikel


Innate Abilities, Weirdness & Mutations

You have a pair of large horns on your head.
You reflexively headbutt those who attack you in melee.
You are partially covered in iridescent scales. (AC +2)
You have a somewhat thin skeletal structure. (Dex +2, Stealth+)
You are weak. (Str -2)


Message History

You block the vampire mosquito's attack.
The elephant completely misses you. The elephant barely misses you.
The goliath frog hits you from afar!
You emit a cloud of dark smoke.
You are splashed with acid!
You block the elephant's attack.
The elephant trunk-slaps you but does no damage.
The spriggan berserker attacks as you move away!
The spriggan berserker misses you.
You feel sick.
You block the spriggan berserker's attack.
You block the goliath frog's attack. The elephant tramples you!
You stumble backwards!
There is a stone staircase leading up here.
Unknown command.
You feel sick. The elephant barely misses you. The elephant closely misses you.
The spriggan berserker hits you with a +2 war axe of venom!!
* * * LOW HITPOINT WARNING * * *
You emit a cloud of dark smoke.
You block the elephant's attack. The elephant trunk-slaps you.
* * * LOW HITPOINT WARNING * * *
The vampire mosquito barely misses you. The goliath frog barely misses you.
You climb upwards.
You feel sick.
You are no longer poisoned.
There is a stone staircase leading down here.
Unknown command.
You sock the spriggan berserker!
The spriggan berserker is moderately wounded.
You block the spriggan berserker's attack.
You riposte.
You sock the spriggan berserker!
The spriggan berserker is moderately wounded.
You closely miss the spriggan berserker.
The spriggan berserker is moderately wounded.
You block the spriggan berserker's attack.
Unknown command.
You puncture the spriggan berserker!
The spriggan berserker is heavily wounded.
You block the spriggan berserker's attack.
You barely miss the spriggan berserker.
The spriggan berserker is moderately wounded.
Your shadow hits the spriggan berserker with an eveningstar.
The spriggan berserker hits you with a +2 war axe of venom!!
You die...

~~.~♣~..♣♣♣♣.....♣♣..♣♣
♣♣..~~.♣♣ ♣......♣.~.♣
....).♣♣ ♣♣....~..♣~♣♣ ♣♣♣
♣♣♣.♣.~♣ ♣♣~~~~~~~~.~.♣ ♣♣.♣♣
♣ ♣.~~~♣ ♣§~~~~~~.~~♣.♣ ♣.§~♣
♣ ♣.♣~.♣ ♣♣.~~♣.=~..♣.♣ ♣♣.♣♣
♣♣♣^...♣♣♣♣.♣§~~~~§~♣~♣♣ ♣♣~♣
♣♣..♣~§§♣...§~...~~.♣~~♣ ♣~~♣
~..♣♣♣.~.~~.~~..@~~~♣♣<♣ ♣.♣♣
~~.♣ ♣.~~~~~.~.~~i...♣.♣ ♣~♣
♣~.♣ ♣...~~~~~.~.....♣.♣ ♣♣~♣
~.♣♣♣♣~~.....~~§...~~♣.♣ ♣..♣♣
~.♣♣♣..~~.~~~~♣♣...~.~?♣♣♣~~.♣
~~♣♣..~~.~~~~~♣♣♣♣♣.~~~.♣♣~~♣♣
..♣♣...~~~..~♣♣ ♣.~~~.♣...♣
.~~~.......~~♣♣♣♣♣♣.....♣~.♣♣
♣~~~~<§~~.~~.♣.~~~§..~~♣.~♣♣


You could see a spriggan berserker (berserk, regenerating, strong-willed).

Vanquished Creatures
  Gastronok (Lair:2)
  Kirke (D:15)
  Roxanne (D:15)
  An orc warlord (Orc:1)
  A cacodemon (Depths:1)
  A reaper (IceCv)
  The ghost of Cauraew the Warrior, a journeyman MiFi of Gozag (Lair:4)
  An eleionoma (shapeshifter) (Depths:1)
  3 eleionomae
  3 bunyips
  A minotaur (Lair:4)
  A blizzard demon (Depths:1)
  A fire dragon (Lair:5)
  8 vault guards (D:14)
  A rakshasa (D:15)
  5 boulder beetles
  3 hydras
  2 catoblepae
  A ghost crab (Swamp:2)
  An alligator (Swamp:1)
  2 centaur warriors (D:15)
  A tengu warrior (D:12)
  A deep troll shaman (Depths:1)
  2 orc high priests (Orc:2)
  2 spriggan berserkers
  Urug (Lair:2)
  A death yak (Lair:3)
  Sonja (Lair:2)
  Amaemon (D:8)
  2 sixfirhies (Depths:1)
  2 iron trolls (Depths:1)
  5 goliath frogs
  A spriggan druid (Swamp:2)
  3 skeletal warriors (D:14)
  2 swamp dragons
  A death drake (Swamp:2)
  2 deep trolls (Depths:1)
  A bog body (Swamp:3)
  A lindwurm (Lair:5)
  2 orc knights (Orc:2)
  A wizard (D:15)
  2 deep elf pyromancers
  A necromancer (D:15)
  A will-o-the-wisp (Swamp:3)
  10 ugly things
  4 orc sorcerers (Orc:2)
  3 cyclopes
  2 manticores (D:15)
  Joseph (D:8)
  2 naga magi (D:15)
  8 black mambas
  An ice statue (IceCv)
  7 torpor snails
  An orange demon (D:8)
  2 unseen horrors (D:11)
  Maggie (D:8)
  7 cane toads
  A kobold demonologist (D:9)
  9 komodo dragons
  A gargoyle (D:11)
  2 centaur skeletons (D:15)
  A freezing wraith (IceCv)
  2 anaconda simulacra (IceCv)
  3 rime drakes
  A tengu conjurer (D:12)
  8 trolls
  2 polar bears
  6 meliai (D:15)
  6 tyrant leeches
  8 blink frogs
  11 hornets
  15 slime creatures
  2 centaur simulacra (D:15)
  2 spriggans (Swamp:3)
  A shadow (D:12)
  A ynoxinul (Depths:1)
  3 vampires (D:12)
  A dire elephant simulacrum (IceCv)
  2 wraiths
  5 wyverns
  68 yaks
  3 basilisks
  A neqoxec (Depths:1)
  15 vampire mosquitoes
  2 steam dragons
  A death yak simulacrum (IceCv)
  9 swamp worms
  3 acid dragons
  18 water moccasins
  A swamp drake (Swamp:1)
  39 orc warriors
  A sky beast (D:7)
  2 ice beasts
  5 black bears
  12 ogres
  24 wolves
  2 centaurs
  2 lemures (D:8)
  3 elf zombies (Ossuary)
  6 kobold brigands
  A gnoll sergeant (D:6)
  18 bullfrogs
  A necrophage (D:6)
  2 cane toad simulacra (IceCv)
  2 scorpions
  7 two-headed ogre simulacra (IceCv)
  13 wights
  23 killer bees
  2 electric eels (D:8)
  A howler monkey (D:4)
  4 crimson imps (D:8)
  A human zombie (Ossuary)
  5 jellies
  A hound (D:5)
  3 iguanas
  32 orc priests
  30 orc wizards
  Natasha (twice) (D:3)
  3 polar bear simulacra (IceCv)
  7 hell rats (Lair:1)
  5 spriggan simulacra (IceCv)
  6 troll simulacra (IceCv)
  6 wolf simulacra (IceCv)
  2 mummies (Ossuary)
  Robin (D:3)
  15 gnolls
  10 adders
  7 naga simulacra (IceCv)
  A shadow imp (D:5)
  18 white imps
  4 ufetubi
  4 adder zombies (Ossuary)
  2 worms
  5 dart slugs
  135 orcs
  10 endoplasms
  2 giant cockroaches
  19 goblins
  8 hobgoblins
  4 jackals (D:2)
  3 quokkas
  14 ball pythons
  5 bats
  3 frilled lizards
  2 goblin zombies (Ossuary)
  8 hobgoblin zombies (Ossuary)
  A jackal zombie (Ossuary)
  41 kobolds
  11 kobold zombies (Ossuary)
  6 orc zombies (Ossuary)
  7 rats
  A rat zombie (Ossuary)
960 creatures vanquished.

Vanquished Creatures (others)
  2 bloated husks
  3 humans (D:15)
  2 vampire mosquitoes (Swamp:3)
  10 foxfires (Swamp:3)
  51 fungi
  51 plants
119 creatures vanquished.

Grand Total: 1079 creatures vanquished

Notes
Turn   | Place    | Note
-------+----------+-------------------------------------------
     0 | D:1      | Icepheonix32 the Minotaur Fighter began the quest for the
                  | Orb.
     0 | D:1      | Reached XP level 1. HP: 19/19 MP: 0/0
    35 | D:1      | Found a faded altar of an unknown god.
   307 | D:1      | Reached XP level 2. HP: 27/27 MP: 1/1
  1120 | D:2      | Reached XP level 3. HP: 33/33 MP: 2/2
  1412 | D:2      | Found Waitom's Antique Armour Shoppe.
  1462 | D:2      | Found a glowing golden altar of the Shining One.
  1905 | D:3      | Reached XP level 4. HP: 36/41 MP: 3/3
  1922 | D:3      | Noticed Robin
  1936 | D:3      | Killed Robin
  2152 | D:3      | Found Tepa's Distillery.
  2280 | D:3      | Found Zaecir's Magic Scroll Shop.
  2311 | D:3      | Reached XP level 5. HP: 47/47 MP: 4/4
  2340 | D:3      | Found Fodurulu's Assorted Antiques.
  2352 | D:3      | Bought a smoky blue potion for 24 gold pieces
  2352 | D:3      | Bought a fuming dark potion for 24 gold pieces
  2352 | D:3      | Bought a scroll labelled RUUSUO NOEPHY for 27 gold pieces
  2352 | D:3      | Bought a scroll labelled CIRATUHEMIRR for 27 gold pieces
  2406 | D:3      | Noticed Natasha
  2411 | D:3      | Killed Natasha
  2533 | D:3      | Noticed Natasha
  2540 | D:3      | Killed Natasha
  2541 | D:3      | Reached skill level 5 in Fighting
  2657 | D:3      | Found Ituim's Distillery.
  2671 | D:3      | Bought a potion of degeneration for 10 gold pieces
  2671 | D:3      | Bought a potion of heal wounds for 50 gold pieces
  2700 | D:3      | Identified the +2 robe "Nostrynk" {Stlth+ Archmagi}
  2705 | D:3      | Reached skill level 1 in Dodging
  2712 | D:3      | Reached skill level 5 in Axes
  2958 | D:4      | Found a sand-covered staircase.
  2965 | Ossuary  | Entered an ossuary
  3057 | Ossuary  | Reached XP level 6. HP: 56/56 MP: 5/5
  3089 | Ossuary  | Reached skill level 5 in Armour
  3223 | Ossuary  | Reached XP level 7. HP: 49/63 MP: 6/6
  3518 | D:4      | Found a shadowy altar of Dithmenos.
  3707 | D:4      | Found a staircase to the Ecumenical Temple.
  3717 | Temple   | Entered the Ecumenical Temple
  4027 | D:4      | Reached skill level 5 in Shields
  4642 | D:5      | Entered Level 5 of the Dungeon
  4729 | D:5      | Reached XP level 8. HP: 70/74 MP: 7/7
  4975 | D:5      | Found a sparkling altar of Nemelex Xobeh.
  5076 | D:5      | Found a basalt altar of Yredelemnul.
  5239 | D:3      | Bought a scroll of enchant armour for 82 gold pieces
  5239 | D:3      | Bought a scroll of identify for 22 gold pieces
  5240 | D:3      | Identified a scroll of acquirement
  5241 | D:3      | Acquired the +0 pair of fencer's gloves {Riposte Dex+3}
  5241 | D:3      | Found the +0 pair of fencer's gloves {Riposte Dex+3}
  5316 | D:4      | Became a worshipper of Dithmenos the Shadowed
  5565 | D:5      | Found a hide-covered altar of Uskayaw.
  5822 | D:6      | Reached skill level 1 in Invocations
  6547 | D:6      | Found an ancient bone altar of Kikubaaqudgha.
  6837 | D:7      | Reached * piety under Dithmenos
  6851 | D:7      | Reached XP level 9. HP: 69/85 MP: 9/9
  7598 | D:7      | Reached ** piety under Dithmenos
  7846 | D:8      | Noticed Maggie
  7856 | D:8      | Killed Maggie
  7857 | D:8      | Reached skill level 10 in Fighting
  7991 | D:8      | Found an iron altar of Okawaru.
  7994 | D:8      | Noticed Joseph
  8015 | D:8      | Killed Joseph
  8023 | D:8      | Reached XP level 10. HP: 85/94 MP: 11/11
  8038 | D:8      | Found a staircase to the Lair.
  8181 | D:8      | Noticed Pikel
  8184 | D:8      | Banished Pikel
  8185 | D:8      | Reached skill level 5 in Dodging
  8509 | D:8      | Acquired the +5 eveningstar of Wu Jian's Whim {speed, Str+5
                  | Int-2}
  8858 | D:8      | Reached *** piety under Dithmenos
  8869 | D:8      | Reached skill level 1 in Maces & Flails
  8960 | D:8      | Found a shimmering altar of Xom.
  8971 | D:8      | Noticed Amaemon
  8971 | D:8      | Noticed an orange demon
  8982 | D:8      | Killed Amaemon
  8983 | D:8      | Reached skill level 3 in Maces & Flails
  8988 | D:8      | Killed an orange demon
  8989 | D:8      | Reached skill level 4 in Maces & Flails
  9545 | D:9      | Reached skill level 5 in Maces & Flails
  9545 | D:9      | Reached skill level 1 in Stealth
  9811 | D:9      | Reached **** piety under Dithmenos
  9887 | D:9      | Reached skill level 5 in Invocations
  9968 | D:9      | Reached XP level 11. HP: 102/102 MP: 13/13
 10323 | D:3      | Bought a potion of mutation for 80 gold pieces
 10323 | D:3      | Gained mutation: Potions are less effective at restoring
                  | your health. [potion of mutation]
 10323 | D:3      | Gained mutation: Your mind is acute. (Int +4, Str/Dex -1)
                  | [potion of mutation]
 10469 | D:9      | Reached skill level 6 in Maces & Flails
 10667 | D:10     | Entered Level 10 of the Dungeon
 10712 | D:10     | Found a staircase to the Orcish Mines.
 10854 | D:10     | Found a glowing golden altar of the Shining One.
 10883 | D:10     | Reached ***** piety under Dithmenos
 10886 | D:10     | Reached skill level 7 in Maces & Flails
 11779 | D:11     | Reached skill level 8 in Maces & Flails
 11854 | D:11     | Found a stormy altar of Qazlal.
 11912 | D:11     | Noticed a boulder beetle
 11927 | D:11     | Killed a boulder beetle
 12659 | D:12     | Reached skill level 9 in Maces & Flails
 12669 | D:12     | Noticed a seven-headed hydra
 12992 | D:12     | Killed a four-headed hydra
 12993 | D:12     | Reached XP level 12. HP: 72/110 MP: 15/15
 13240 | D:12     | Noticed a tengu warrior
 13247 | D:12     | Killed a tengu warrior
 13251 | D:12     | Reached skill level 10 in Maces & Flails
 13519 | D:13     | Noticed a boulder beetle
 13530 | D:13     | Killed a boulder beetle
 14203 | D:13     | Noticed a boulder beetle
 14213 | D:13     | Killed a boulder beetle
 14214 | D:13     | Reached skill level 1 in Evocations
 14596 | D:13     | Reached skill level 10 in Shields
 14831 | D:13     | Reached skill level 11 in Maces & Flails
 15074 | D:14     | Found a gate to the Vaults.
 15074 | D:14     | Noticed a vault guard
 15074 | D:14     | Noticed a vault guard
 15074 | D:14     | Noticed a vault guard
 15075 | D:14     | Noticed a vault guard
 15075 | D:14     | Noticed a vault guard
 15075 | D:14     | Noticed a vault guard
 15075 | D:14     | Noticed a vault guard
 15075 | D:14     | Noticed a vault guard
 15084 | D:14     | Killed a vault guard
 15092 | D:14     | Killed a vault guard
 15098 | D:14     | Killed a vault guard
 15100 | D:14     | Killed a vault guard
 15104 | D:14     | Killed a vault guard
 15107 | D:14     | Killed a vault guard
 15114 | D:14     | Killed a vault guard
 15120 | D:14     | Killed a vault guard
 15649 | D:14     | Reached skill level 12 in Maces & Flails
 15649 | D:14     | Reached XP level 13. HP: 67/118 MP: 17/17
 16733 | D:15     | Entered Level 15 of the Dungeon
 16765 | D:15     | Identified Roxanne's Folio of the Boulder
 16765 | D:15     | Noticed Roxanne
 16962 | Lair:1   | Entered Level 1 of the Lair of Beasts
 17003 | Lair:1   | Lost mutation: Your mind is acute. (Int +4, Str/Dex -1)
                  | [potion of mutation]
 17003 | Lair:1   | Lost mutation: Potions are less effective at restoring your
                  | health. [potion of mutation]
 17003 | Lair:1   | Gained mutation: You have a pair of large horns on your
                  | head. [potion of mutation]
 17003 | Lair:1   | Gained mutation: You are partially covered in iridescent
                  | scales. (AC +2) [potion of mutation]
 17003 | Lair:1   | Gained mutation: You have a somewhat thin skeletal
                  | structure. (Dex +2, Stealth+) [potion of mutation]
 17284 | Lair:1   | Reached ****** piety under Dithmenos
 17701 | Lair:2   | Noticed Gastronok
 17715 | Lair:2   | Killed Gastronok
 17718 | Lair:2   | Reached skill level 13 in Maces & Flails
 17827 | Lair:2   | Found a staircase to the Snake Pit.
 18021 | Lair:2   | Noticed Sonja
 18042 | Lair:2   | Killed Sonja
 18361 | Lair:2   | Noticed Urug
 18375 | Lair:2   | Killed Urug
 18822 | Lair:3   | Found a frozen archway.
 18848 | IceCv    | Entered an ice cave
 18927 | IceCv    | Got the Quarto of Black Arts and Allies
 18967 | IceCv    | Reached XP level 14. HP: 127/127 MP: 19/19
 19123 | IceCv    | Reached skill level 1 in Throwing
 19404 | IceCv    | Noticed a reaper
 19431 | IceCv    | Killed a reaper
 19605 | IceCv    | Identified the +0 pair of gloves "Dauxusai" {Will- Regen+
                  | Str+4}
 20087 | Lair:3   | Reached skill level 5 in Evocations
 20135 | Lair:3   | Found a blossoming altar of Fedhas.
 20174 | Lair:3   | Reached skill level 14 in Maces & Flails
 20242 | Lair:3   | Found a staircase to the Swamp.
 21033 | Lair:4   | Found a staircase to the Slime Pits.
 21053 | Lair:4   | Reached skill level 10 in Dodging
 21191 | Lair:4   | Found a runed translucent gate.
 21191 | Lair:4   | Found a runed translucent gate.
 21191 | Lair:4   | Found a runed translucent gate.
 21196 | Lair:4   | Noticed Cauraew's ghost (journeyman MiFi)
 21231 | Lair:4   | Killed Cauraew's ghost
 21257 | Lair:4   | Identified the +6 falchion "Gien Gue" {speed, rElec rF++
                  | Int-3 SInv}
 21779 | Lair:5   | Entered Level 5 of the Lair of Beasts
 21809 | Lair:5   | Reached skill level 5 in Stealth
 22703 | Lair:5   | Found a runed translucent door.
 22923 | Lair:5   | Identified the +1 pair of boots of the Zebra {rF- Will+
                  | MP+9 Int+2}
 23116 | Lair:5   | Acquired the +7 morningstar "Damuqut" {antimagic, Fly rElec
                  | Will+ Dex-2}
 23479 | Orc:1    | Entered Level 1 of the Orcish Mines
 23733 | Orc:1    | Reached skill level 15 in Maces & Flails
 24134 | Orc:2    | Entered Level 2 of the Orcish Mines
 24215 | Orc:2    | Reached XP level 15. HP: 131/136 MP: 21/21
 24369 | Orc:2    | Found Amaiq's Armour Shoppe.
 24609 | Orc:2    | Found a staircase to the Elven Halls.
 24790 | Orc:2    | Noticed an orc warlord
 24937 | Orc:1    | Killed an orc warlord
 25197 | Orc:2    | Found Urhik's Antique Weapon Boutique.
 25201 | Orc:2    | Found Ocupal Pygh's Antique Armour Shop.
 25330 | Orc:2    | Found Kyekapem's Distillery.
 25678 | Orc:2    | Bought runed fire dragon scales for 2016 gold pieces
 25888 | D:15     | Noticed Kirke
 25899 | D:15     | Killed Kirke
 26324 | D:15     | Reached skill level 10 in Invocations
 26520 | D:15     | Killed Roxanne
 26996 | D:15     | Found a staircase to the Depths.
 27448 | Depths:1 | Entered Level 1 of the Depths
 27581 | Depths:1 | Noticed a frost giant
 27651 | Depths:1 | Noticed a quicksilver dragon
 27654 | Depths:1 | a quicksilver dragon changed into an eleionoma
 27865 | Depths:1 | Found a one-way gateway to a ziggurat.
 28120 | Depths:1 | Gained mutation: You are weak. (Str -2) [a cacodemon]
 28129 | Depths:1 | Reached skill level 16 in Maces & Flails
 28810 | Swamp:1  | Entered Level 1 of the Swamp
 30191 | Swamp:3  | Reached XP level 16. HP: 146/146 MP: 22/22
 30372 | Swamp:3  | HP: 5/147 [eleionoma (8)]
 30801 | Swamp:2  | Slain by a spriggan berserker

Illustrated notes

Levels and vault maps discovered:
D:1:      scummos_arrival_simple_fountains, layout_loops_ring,
          shapermc_ecumenical_altar_starsandcircs, grunt_decor_resistance
D:2:      layout_basic, serial_shops, shop, basic_altar
D:3:      layout_rooms, serial_shops, nicolae_shop_crystal,
          nicolae_shop_advertising_works [nicolae_subvault_shop_adworks],
          nicolae_lakefront_shop, shop_statue, nicolae_figureground_pulse,
          uniq_natasha, uniq_robin
D:4:      layout_basic, nicolae_dithmenos_the_darkroom, temple_hall,
          nicolae_ossuary_entry_false_entrances, minmay_snake_closets
D:5:      layout_rooms, nemelex_spade_bored_becter,
          lemuel_coloured_pillars_altar, mainiacjoe_overflow_tiny_flanked,
          grunt_ministairs_15
D:6:      layout_cave_pods, nicolae_kikubaaqudgha_miasma_corner
D:7:      layout_basic
D:8:      layout_basic, mainiacjoe_overflow_small_starburst, led_xom_imps,
          due_lair_maze_entry_diamond, chequers_big_river, uniq_pikel,
          uniq_joseph, uniq_amaemon, uniq_maggie
D:9:      layout_roguey
D:10:     layout_cross, tso_metal_star, minmay_orc_entry_temple_small, eino_jars
D:11:     layout_grid_maze, nicolae_qazlal_general_emergency
D:12:     layout_rooms
D:13:     layout_irregular_city
D:14:     layout_cave_pools, erik_vaults_2, dk_noncrumbling_4, minivault_24,
          nrook_mini_vaults
D:15:     grunt_enter_depths_magical_seal, layout_stronghold,
          minmay_misc_feat_doors, uniq_kirke, uniq_roxanne
Temple:   eino_temple_lava
Lair:1:   layout_small_grid, grunt_megastairs_5
Lair:2:   layout_roguey, minmay_snake_entry_six_corridors,
          grunt_forest_large_clearings, uniq_sonja, uniq_urug, uniq_gastronok
Lair:3:   layout_concentric_octagons, swamp_mist, basic_altar,
          portal_ice_cave_entry_imps
Lair:4:   layout_regular_city, slime_entry_1, maelrawn_ghost_gauntlet_escape
Lair:5:   wormcave, layout_cave_pods
Swamp:1:  layout_basic_swamp, hangedman_swamp_lotus, infiniplex_staircase_pool
Swamp:2:  layout_falls_marsh, serial_swamp_ruin, evilmike_swamp_ruin_house_3,
          evilmike_swamp_ruin_house_6, swamp_pool2
Swamp:3:  layout_basic_swamp, nicolae_swamp_small_spring, swamp_pool1,
          nicolae_swamp_catching_bugs
Orc:1:    layout_caves, basic_altar
Orc:2:    grunt_orc_community_town_hall, layout_diamond_mine,
          grunt_orc_community_big_house_2, grunt_orc_community_big_house_1,
          grunt_orc_community_house_2, grunt_orc_community_house_1,
          grunt_orc_community_house_3, grunt_orc_community_house_1,
          grunt_orc_community_house_1
Depths:1: layout_gridville, enter_ziggurat_b, grunt_hell_entry_demonic_statue,
          eino_small_chamber_without_monster, kennysheep_generic_room_3

Skill      XL: |  1  2  3  4  5  6  7  8  9 10 11 12 13 14 15 |
---------------+----------------------------------------------+-----
Fighting       | 4 5 6 7 9 10 11 12 13 14 | 14.3
Armour         | 4 5 6 7 8 |  8.5
Axes           | 3 4 5 8 9 |  9.2
Shields        | 4 5 6 7 9 10 11 12 14 | 14.2
Dodging        | 1 2 3 4 6 7 8 9 10 11 | 11.6
Invocations    | 1 3 5 6 7 8 9 10 | 10.6
Maces & Flails | 5 9 12 13 15 16 | 16.1
Stealth        | 1 2 3 4 5 6 |  6.3
Evocations     | 3 4 6 7 |  7.4
Throwing       | 1 |  1.0

Action                   |  1- 3 |  4- 6 |  7- 9 | 10-12 | 13-15 | 16-18 || total
-------------------------+-------+-------+-------+-------+-------+-------++-------
Melee: War axe           |    89 |   148 |   209 |     4 |    28 |       ||   478
       Headbutt          |     6 |    27 |    40 |    99 |   330 |     7 ||   509
       Broad axe         |       |       |    15 |    32 |       |       ||    47
       Eveningstar       |       |       |       |   375 |   883 |    25 ||  1283
       Flail             |       |       |       |    10 |    94 |       ||   104
       Morningstar       |       |       |       |       |    75 |    12 ||    87
Throw: Boomerang         |       |       |       |     5 |       |       ||     5
       Javelin           |       |       |       |     5 |     3 |       ||     8
       Dart              |       |       |       |     3 |       |     1 ||     4
Invok: Shadow Step       |       |       |       |     1 |     3 |       ||     4
Evoke: Wand              |       |       |       |       |    39 |     7 ||    46
  Use: Scroll            |     6 |     2 |    17 |    14 |    13 |     3 ||    55
       Potion            |       |       |     4 |     7 |     6 |     4 ||    21
 Stab: Distracted        |       |       |       |     1 |     7 |       ||     8
       Sleeping          |       |       |       |     7 |    83 |       ||    90
Armor: Scale mail        |    40 |    41 |    82 |       |       |       ||   163
       Steam dragon scal |       |       |     2 |    48 |    48 |       ||    98
       Leather armour    |       |       |       |       |     5 |       ||     5
       Ring mail         |       |       |       |       |    20 |     7 ||    27
       Ice dragon scales |       |       |       |       |     9 |       ||     9
Dodge: Dodged            |    50 |    54 |   134 |   181 |   302 |    25 ||   746
Block: Buckler           |    21 |    31 |    28 |       |       |       ||    80
       Kite shield       |       |       |    55 |   228 |   622 |    41 ||   946
       Rpst.: War axe    |       |       |    26 |     2 |    10 |       ||    38
       Broad axe         |       |       |     4 |    11 |       |       ||    15
       Eveningstar       |       |       |       |    99 |   200 |     8 ||   307
       Flail             |       |       |       |     1 |    27 |       ||    28
       Morningstar       |       |       |       |       |    12 |     7 ||    19
